 Dungeon Crawl Stone Soup version 0.28-a0-410-gbef64dd269 (webtiles) character file.

Game seed: 7627695863525303318

87 Spaninq the Gusty (level 4, -8/25 HPs)
             Began as a Tengu Air Elementalist on Sept 6, 2021.
             Killed from afar by Natasha (9 damage)
             ... with a puff of flame
             ... on level 2 of the Dungeon.
             The game lasted 00:08:14 (2157 turns).

Spaninq the Gusty (Tengu Air Elementalist)          Turns: 2157, Time: 00:08:14

Health: -8/25      AC:  2    Str:  9    XL:     4   Next: 51%
Magic:  7/8        EV: 12    Int: 16    God:
Gold:   82         SH:  0    Dex: 14    Spells: 4/7 levels left

rFire   . . .      SeeInvis .   h - +0 dagger
rCold   . . .      Faith    .   (no shield)
rNeg    . . .      Spirit   .   a - +0 robe
rPois   .          Reflect  .   (helmet restricted)
rElec   .          Harm     .   (no cloak)
rCorr   .          Rampage  .   (no gloves)
Will    .....                   (boots unavailable)
Stlth   ++........              (no amulet)
HPRegen 0.08/turn               (no ring)
MPRegen 0.11/turn               (no ring)

@: no status effects
A: beak, talons 3
a: no special abilities


You were on level 2 of the Dungeon.
You visited 1 branch of the dungeon, and saw 2 of its levels.

You collected 82 gold pieces.

Inventory:

Hand Weapons
 h - a +0 dagger (weapon)
Armour
 a - a +0 robe (worn)
Jewellery
 j - a ring of fire
Scrolls
 b - a scroll of fog {unknown}
 c - a scroll of blinking {unknown}
 d - a scroll of teleportation {unknown}
 g - a scroll of enchant armour {unknown}
Potions
 e - a potion of haste {unknown}
 f - a potion of curing {unknown}
 i - a potion of ambrosia {unknown}


   Skills:
 + Level 1.1 Fighting
 - Level 2.1 Dodging
 - Level 2.0 Stealth
 + Level 2.4 Spellcasting
 * Level 3.3 Conjurations
 * Level 5.2 Air Magic


You had 4 spell levels left.
You knew the following spells:

 Your Spells              Type           Power      Damage    Failure   Level
a - Shock                 Conj/Air       60%        1d6       3%          1
b - Static Discharge      Conj/Air       15%        N/A       5%          2

Your spell library contained the following spells:

 Spells                   Type           Power      Damage    Failure   Level
 Swiftness                Air            18%        N/A       7%          3
 Airstrike                Air            9%         N/A       22%         4
 Passwall                 Tmut/Erth      0%         N/A       30%         2
 Summon Guardian Golem    Hex/Summ       1%         N/A       52%         3
 Invisibility             Hex            0%         N/A       100%        6
 Orb of Destruction       Conj           6%         9d3       100%        7
 Spellforged Servitor     Conj/Summ      3%         N/A       100%        7


Dungeon Overview and Level Annotations

Branches:
Dungeon (2/15)

Altars:

Shops:
D:1 =   D:2 (

Annotations:
D:2 Natasha


Innate Abilities, Weirdness & Mutations

You have a beak for a mouth.
You have claws for feet.


Message History

Confirm with . or Enter, or press ? or * to list all spells.
Aiming: Shock (safe; 3% risk of failure)
Press: ? - help, Shift-Dir - straight line The zap hits the adder.
The adder is moderately wounded.
The zap hits the adder.
The adder is heavily wounded.
The adder closely misses you.
Casting: Shock (safe; 3% risk of failure)
Confirm with . or Enter, or press ? or * to list all spells.
Aiming: Shock (safe; 3% risk of failure)
Press: ? - help, Shift-Dir - straight line The zap hits the adder.
The adder is almost dead.
The zap misses the adder.
The adder bites you.
You are poisoned.
The adder poisons you!
Casting: Shock (safe; 3% risk of failure)
Confirm with . or Enter, or press ? or * to list all spells.
Aiming: Shock (safe; 3% risk of failure)
Press: ? - help, Shift-Dir - straight line The zap misses the adder.
The zap hits the adder.
You kill the adder!
You feel sick.
You feel sick.
You feel sick.
Natasha, Servant of Life and Death comes into view.
She is carrying a wand of flame (14).
Found a stone staircase leading down.
You feel sick.
You feel sick.
You are no longer poisoned.
You see here a ring of fire.
j - a ring of fire Natasha casts a spell at you.
You resist with some effort.
Natasha zaps a wand.
The puff of flame hits you! Natasha casts a spell at you.
The magic dart hits you!
* * * LOW HITPOINT WARNING * * *
Natasha zaps a wand.
The puff of flame hits you!
You die...

#.# #.###.###...###
#.....h.......#
#####.###.#.#.# ...#
#h#.#.# ###.# #.#.#.#
### #.#.#.# #.###.# #.#
#.# ###@###.##
#........# #.#.######
#.#.# # #.#.# .. #.#.#
... #.#.# #.#
#######.#.######
#.#####..........†....#


You could see Natasha.

Vanquished Creatures
  Natasha (D:2)
  2 adders (D:2)
  A worm (D:2)
  5 endoplasms
  2 giant cockroaches (D:1)
  2 goblins
  A hobgoblin (D:1)
  7 kobolds
  4 quokkas
  4 ball pythons
  2 bats
  7 frilled lizards
  6 rats
44 creatures vanquished.

Notes
Turn   | Place    | Note
-------+----------+-------------------------------------------
     0 | D:1      | Spaninq the Tengu Air Elementalist began the quest for the
                  | Orb.
     0 | D:1      | Reached XP level 1. HP: 10/10 MP: 4/4
    42 | D:1      | Found Giargh's Jewellery Boutique.
   265 | D:1      | Reached XP level 2. HP: 15/15 MP: 3/6
   753 | D:1      | Found a faded altar of an unknown god.
  1091 | D:1      | Reached XP level 3. HP: 20/20 MP: 5/7
  1298 | D:2      | Learned a level 2 spell: Static Discharge
  1433 | D:2      | Noticed Natasha
  1445 | D:2      | Killed Natasha
  1446 | D:2      | Reached skill level 1 in Fighting
  1446 | D:2      | Reached skill level 5 in Air Magic
  1614 | D:2      | Reached XP level 4. HP: 20/25 MP: 3/8
  1762 | D:2      | Found Kiciar's Weapon Shoppe.
  2137 | D:2      | Noticed Natasha
  2156 | D:2      | HP: 1/25 [Natasha/magic dart (9)]
  2157 | D:2      | Killed from afar by Natasha

Illustrated notes

Levels and vault maps discovered:
D:1:      lemuel_arrival_lava_pool, layout_basic, serial_co_window_serial,
          co_window_of_opportunity_a, co_window_paths_b, co_window_corner_a,
          co_window_paths_a, co_window_paths_a, co_window_cross_2,
          co_window_2corner, co_window_broadway_a, co_window_broadway_b,
          glass_columns_b, glass_columns_a, glass_columns_a,
          hellmonk_ecumenical_altar_heavens_door, serial_shops,
          nicolae_shop_stone, skrybe_limestone_x, kennysheep_another_room,
          chequers_serial_rivers_room_b
D:2:      layout_basic, serial_shops, nicolae_shop_competitors_out_of_business,
          chequers_jeans, grunt_decor_cap, interstate_on_off, uniq_natasha

Skill      XL: |  1  2  3 |
---------------+----------+-----
Conjurations   | 2 3 |  3.3
Fighting       | 1 |  1.1
Air Magic      | 5 |  5.2
Dodging        | |  2.1
Stealth        | |  2.0
Spellcasting   | |  2.4

Action                   |  1- 3 |  4- 6 || total
-------------------------+-------+-------++-------
 Cast: Shock             |    60 |    23 ||    83
Armor: Robe              |     2 |       ||     2
Dodge: Dodged            |     4 |     4 ||     8

Table legend: (Time is in decaauts)
 A = Elapsed time spent in this place.
 B = Non-inter-level travel time spent in this place.
 C = Inter-level travel time spent in this place.
 D = Time resting spent in this place.
 E = Time spent auto-exploring this place.
 F = Levels seen in this place.
 G = Mean time per level.
                   A        B        C        D        E       F      G
               +--------+--------+--------+--------+--------+-----+--------+
         Total |   2157 |   2142 |     15 |    470 |   1225 |   2 | 1078.5 |
       Dungeon |   2157 |   2142 |     15 |    470 |   1225 |   2 | 1078.5 |
               +--------+--------+--------+--------+--------+-----+--------+

Top non-repeatable levels by time:
     D:1: 1349 daAuts
     D:2: 807 daAuts
